 Dungeon Crawl Stone Soup version 0.19.1-1-g22dce08 (webtiles) character file.

198 sveltemanboy the Conjurer (level 5, 0/39 HPs)
             Began as a Draconian Conjurer on Jan 8, 2017.
             Succumbed to an orc wizard's poison
             ... on level 3 of the Dungeon.
             The game lasted 00:08:02 (2642 turns).

sveltemanboy the Conjurer (Draconian Conjurer)      Turns: 2642, Time: 00:08:03

Health: 0/39       AC:  6    Str: 10    XL:     5   Next: 47%
Magic:  7/9        EV: 12    Int: 16    God:
Gold:   109        SH:  0    Dex:  9    Spells: 2 memorised, 7 levels left

rFire  . . .     SeeInvis .     e - +5 short sword (venom)
rCold  . . .     Gourm    .     (armour unavailable)
rNeg   . . .     Faith    .     (no shield)
rPois  .         Spirit   .     (helmet restricted)
rElec  .         Reflect  .     l - +0 cloak (curse)
rCorr  .         Harm     .     (no gloves)
MR     .....                    (no boots)
Stlth  +.........               (no amulet)
                                j - -3 ring of dexterity (curse)
                                h - ring of loudness (curse)

@: lethally poisoned (0 -> -15), flying, very slightly contaminated, invisible
A: unfitting armour, cold-blooded, AC +5
a: no special abilities


You were on level 3 of the Dungeon.
You were hungry.

You visited 1 branch of the dungeon, and saw 3 of its levels.

You collected 109 gold pieces.

Inventory:

Hand Weapons
 d - a +0 falchion
 e - a +5 short sword of venom (weapon)
Armour
 l - a cursed +0 cloak (worn)
Jewellery
 h - a cursed ring of loudness (left hand)
 j - a cursed -3 ring of dexterity (right hand)
 n - an uncursed ring of poison resistance {unknown}
Scrolls
 k - 2 scrolls of identify {unknown}
 o - a scroll of enchant weapon
Books
 a - a book of Conjurations

   Spells                             Type                      Level
   a - Magic Dart                     Conjuration                  1
   b - Searing Ray                    Conjuration                  2
   c - Dazzling Spray                 Conjuration/Hexes            3
   d - Fulminant Prism                Conjuration/Hexes            4
   e - Iskenderun's Mystic Blast      Conjuration                  4
   f - Iskenderun's Battlesphere      Conjuration/Charms           5
Comestibles
 b - 4 bread rations
 f - a meat ration
 g - a beef jerky


   Skills:
 + Level 0.4 Fighting
 - Level 1.7 Dodging
 - Level 1.7 Stealth
 - Level 3.0 Spellcasting
 * Level 6.2 Conjurations


You had 7 spell levels left.
You knew the following spells:

 Your Spells              Type           Power        Failure   Level  Hunger
a - Magic Dart            Conj           ###.         1%          1    #......
b - Searing Ray           Conj           ###...       1%          2    ##.....


Dungeon Overview and Level Annotations

Branches:
Dungeon (3/15)

Altars:
Nemelex Xobeh
Okawaru
Qazlal
Uskayaw

Annotations:
D:3 Sigmund


Innate Abilities, Weirdness & Mutations

Your plain brown scales are hard. (AC +5)
You cannot fit into any form of body armour.
You are cold-blooded and may be slowed by cold attacks.


Message History

You feel sick.
* * * LOW HITPOINT WARNING * * *
You feel sick.
It was a potion of cancellation.
You feel magically purged.
* * * LOW HITPOINT WARNING * * *
You feel sick.
It was a potion of invisibility.
You fade into invisibility!
* * * LOW HITPOINT WARNING * * *
You feel sick.
You are very lightly contaminated with residual magic.
* * * LOW HITPOINT WARNING * * *
You feel sick.
You see here a mace.
* * * LOW HITPOINT WARNING * * *
You feel sick.
It was a potion of flight.
You feel very buoyant.
You fly up into the air.
You die...

#). #... #.##
#+# #..) #@)#
#.# ##...
##.## #.#
#..[. #..#
#.####.###
#..#.##
#......# #
#..#..#
#..##### .
#..##)#####
#...)# .# #..
#@....# #)##.#
#.# ##..
#....(# #(##.#
# . #..
#.....###)##.#
#..
##'#####<)...#
#..# ##)####
##.## #.# #..#
#.# ##.# #)#
...######.#
#)#


You could see Sigmund.

Vanquished Creatures
  2 orc wizards (D:3)
  Terence (D:3)
  Robin (D:3)
  3 adders
  A worm (D:2)
  A dart slug (D:1)
  10 orcs (D:3)
  A ball python (D:3)
  2 giant cockroaches
  13 goblins
  8 hobgoblins
  3 jackals (D:2)
  A quokka (D:3)
  4 bats
  4 frilled lizards
  5 kobolds
  8 rats
68 creatures vanquished.

Notes
Turn   | Place    | Note
-------+----------+-------------------------------------------
     0 | D:1      | sveltemanboy the Draconian Conjurer began the quest for the Orb.
     0 | D:1      | Reached XP level 1. HP: 14/14 MP: 3/3
   409 | D:1      | Reached XP level 2. HP: 20/20 MP: 1/5
   456 | D:1      | Learned a level 2 spell: Searing Ray
   936 | D:2      | Reached XP level 3. HP: 13/26 MP: 0/6
  1267 | D:2      | Found a hide-covered altar of Uskayaw.
  1356 | D:2      | Found a stormy altar of Qazlal.
  1367 | D:2      | Found a sparkling altar of Nemelex Xobeh.
  1838 | D:3      | Noticed Robin
  1933 | D:3      | Reached skill level 5 in Conjurations
  1943 | D:3      | Reached XP level 4. HP: 33/33 MP: 4/8
  1974 | D:3      | Noticed Sigmund
  2116 | D:3      | Noticed Terence
  2125 | D:3      | Killed Terence
  2168 | D:3      | Killed Robin
  2264 | D:3      | Reached XP level 5. HP: 33/38 MP: 9/9
  2391 | D:3      | Found an iron altar of Okawaru.
  2407 | D:3      | Reached skill level 6 in Conjurations
  2642 | D:3      | Succumbed to an orc wizard's poison

Skill      XL: |  1  2  3  4  5 |
---------------+----------------+-----
Spellcasting   | 3 |  3.0
Conjurations   | 5 6 |  6.2
Fighting       | |  0.4
Dodging        | |  1.7
Stealth        | |  1.7

Action                   |  1- 3 |  4- 6 || total
-------------------------+-------+-------++-------
Melee: Falchion          |    30 |    26 ||    56
       Tailslap          |     3 |     7 ||    10
       Short sword       |       |    36 ||    36
 Cast: Magic Dart        |    62 |    25 ||    87
       Searing Ray       |     2 |     4 ||     6
  Use: Potion            |     1 |     7 ||     8
       Scroll            |     1 |       ||     1
  Eat: Chunk             |     4 |     2 ||     6
Armor: Skin              |    17 |    23 ||    40
Dodge: Dodged            |    30 |    51 ||    81
       Rpst.: Falchion   |    12 |     5 ||    17
